 Dungeon Crawl Stone Soup version 0.27.1-3-gb3d3a73c9e (webtiles) character file.

Game seed: 13977128681362312471

58 MisterFreud the Stinger (level 4, -6/27 HPs)
             Began as an Octopode Venom Mage on Oct 7, 2021.
             Was a Believer of Fedhas.
             Mangled by a gnoll (13 damage)
             ... on level 2 of the Dungeon.
             The game lasted 00:02:12 (2397 turns).

MisterFreud the Stinger (Octopode Venom Mage)       Turns: 2397, Time: 00:02:13

Health: -6/27      AC:  1    Str:  7    XL:     4   Next: 1%
Magic:  6/7        EV: 13    Int: 18    God:    Fedhas [**....]
Gold:   34         SH:  0    Dex: 12    Spells: 6/7 levels left

rFire    . . .     SeeInvis .   a - +0 dagger
rCold    . . .     Faith    .   (no shield)
rNeg     . . .     Spirit   .   (helmet restricted)
rPois    .         Reflect  .   (no amulet)
rElec    .         Harm     .   (no ring)
rCorr    .         Rampage  .   (no ring)
Will     .....                  (no ring)
Stlth    +++.......             (no ring)
HPRegen  0.09/turn              (no ring)
MPRegen  0.10/turn              (no ring)
                                (no ring)
                                (no ring)

@: no status effects
A: almost no armour, amphibious, 8 rings, camouflage 1, gelatinous body 1,
(nimble swimmer 1), tentacles
a: Renounce Religion, Wall of Briars


You were on level 2 of the Dungeon.
You worshipped Fedhas.
Fedhas was pleased with you.
You visited 1 branch of the dungeon, and saw 2 of its levels.

You collected 34 gold pieces.

Inventory:

Hand Weapons
 a - a +0 dagger (weapon)
Scrolls
 b - a scroll of brand weapon {unknown}
 c - a scroll of identify {unknown}


   Skills:
 + Level 0.4 Fighting
 + Level 0.6 Short Blades
 + Level 2.5 Dodging
 + Level 3.8 Stealth
 + Level 2.2 Spellcasting
 + Level 1.0 Transmutations
 + Level 4.2 Poison Magic


You had 6 spell levels left.
You knew the following spells:

 Your Spells              Type           Power      Damage    Failure   Level
a - Sting                 Tmut/Pois      44%        1d5       6%          1

Your spell library contained the following spells:

 Spells                   Type           Power      Damage    Failure   Level
 Poisonous Vapours        Pois/Air       18%        N/A       11%         2
 Animate Skeleton         Necr           4%         N/A       19%         1
 Pain                     Necr           8%         1d4       19%         1
 Mephitic Cloud           Conj/Pois/Air  7%         N/A       28%         3
 Olgreb's Toxic Radiance  Pois           17%        N/A       30%         4
 Vampiric Draining        Necr           1%         2d6       47%         3


Dungeon Overview and Level Annotations

Branches:
Dungeon (2/15)

Altars:
Fedhas

Shops:
D:2 [


Innate Abilities, Weirdness & Mutations

You cannot wear most types of armour.
You are amphibious.
You can wear up to eight rings at the same time.
Your skin changes colour to match your surroundings (Stealth+).
Your rubbery body absorbs attacks. (AC +1, EV +1)
((You are camouflaged near water. (Stealth+)))
You have tentacles for arms and can constrict up to eight enemies at once.


Message History

The gnoll shouts!
The gnoll hits you with a +0 club!
Casting: Sting (safe; 6% risk of failure)
Confirm with . or Enter, or press ? or * to list all spells.
Aiming: Sting (safe; 6% risk of failure)
Press: ? - help, Shift-Dir - straight line, f - gnoll
Aim: a gnoll, wielding a +0 club (75% to hit)
The sting hits the gnoll but does no damage.
The gnoll is poisoned.
The gnoll hits you with a +0 club.
Casting: Sting (safe; 6% risk of failure)
Confirm with . or Enter, or press ? or * to list all spells.
Aiming: Sting (safe; 6% risk of failure)
Press: ? - help, Shift-Dir - straight line, f/p - gnoll
Aim: a gnoll, wielding a +0 club (poisoned, 75% to hit)
You miscast Sting.
You are very lightly contaminated with residual magic.
Nothing appears to happen.
The gnoll closely misses you.
Unknown command.
You hit the gnoll but do no damage. You grab the gnoll. You squeeze the gnoll!
The gnoll is severely wounded.
You constrict the gnoll, but do no damage.
The gnoll barely misses you.
You hit the gnoll but do no damage.
The gnoll is severely wounded.
You constrict the gnoll. The gnoll misses you.
You hit the gnoll but do no damage.
The gnoll is severely wounded.
You constrict the gnoll. The gnoll closely misses you.
You hit the gnoll but do no damage. You squeeze the gnoll.
You kill the gnoll!
Fedhas appreciates your contribution to the ecosystem.
The gnoll hits you from afar with a +0 spear!
* * * LOW HITPOINT WARNING * * *
You have reached level 4!
Your magical contamination has completely faded away.
The gnoll shouts!
There is a stone staircase leading up here.
The gnoll hits you with a +0 flail!
You die...
Fedhas appreciates your contribution to the ecosystem.

..l ..###.## # #...#/....# .#
#....(...###.# #..#.#.......#
#..#.#...#.### ............#
##........#.# #......#
###..#.....###......#
#..#..gg@.........#
##..#..#g.###......#
...#....(# #......#
#####.#..##.###......# .
#.................#### ..
#.###.#..##.#........###
P..###.# #..............#...##
..P...g# ...............#8..8#
8...##.####.#.##.#.######....#


You could see 3 gnolls.

Vanquished Creatures
  A gnoll (D:2)
  2 adder skeletons (D:2)
  2 dart slugs
  4 ball pythons
  2 giant cockroaches (D:2)
  3 goblins (D:1)
  3 hobgoblins
  4 jackals (D:1)
  A quokka (D:2)
  A bat (D:1)
  5 frilled lizards
  7 kobolds
  2 rats (D:1)
37 creatures vanquished.

Vanquished Creatures (others)
  4 withered plants (D:2)
4 creatures vanquished.

Grand Total: 41 creatures vanquished

Notes
Turn   | Place    | Note
-------+----------+-------------------------------------------
     0 | D:1      | MisterFreud the Octopode Venom Mage began the quest for the
                  | Orb.
     0 | D:1      | Reached XP level 1. HP: 11/11 MP: 3/3
   144 | D:1      | Found a faded altar of an unknown god.
   164 | D:1      | Became a worshipper of Fedhas Madash
   164 | D:1      | Reached * piety under Fedhas
   301 | D:1      | Reached XP level 2. HP: 3/17 MP: 3/5
   599 | D:1      | Reached skill level 4 in Poison Magic
  1018 | D:1      | Reached XP level 3. HP: 14/21 MP: 6/6
  1583 | D:2      | Reached ** piety under Fedhas
  2352 | D:2      | Found Aclirgh's Antique Armour Emporium.
  2382 | D:2      | Reached XP level 4. HP: 6/27 MP: 4/7
  2397 | D:2      | Mangled by a gnoll

Illustrated notes

Levels and vault maps discovered:
D:1:      dpeg_arrival_rooms_b, layout_basic, ebering_ecumenical_altar_mist
D:2:      minmay_angry_zag, layout_basic, serial_shops, shop, serial_undead,
          serial_undead_e, serial_undead_c, serial_undead_a, serial_undead_c,
          serial_undead_b, serial_undead_b, uniq_robin

Skill      XL: |  1  2 |
---------------+-------+-----
Poison Magic   | 4 |  4.2
Stealth        | 3 |  3.8
Fighting       | |  0.4
Short Blades   | |  0.6
Dodging        | |  2.5
Spellcasting   | |  2.2
Transmutations | |  1.0

Action                   |  1- 3 |  4- 6 || total
-------------------------+-------+-------++-------
Melee: Dagger            |    93 |       ||    93
       Unarmed           |     6 |       ||     6
       Constrict         |    24 |       ||    24
       Tentacles         |    12 |       ||    12
 Cast: Sting             |     4 |       ||     4
 Stab: Sleeping          |    13 |       ||    13
Armor: Skin              |    10 |       ||    10
Dodge: Dodged            |    67 |       ||    67
